 Dungeon Crawl Stone Soup version 0.29-a0-721-g7f417c9bbb (webtiles) character file.

Game seed: 8874403942952571092

84 gobodom the Ruffian (level 4, -4/42 HPs)
             Began as a Troll Gladiator on June 28, 2022.
             Slain by Sigmund
             ... wielding a +0 scythe of flaming
              (8 damage)
             ... on level 3 of the Dungeon.
             The game lasted 00:07:33 (1787 turns).

gobodom the Ruffian (Troll Gladiator)               Turns: 1787, Time: 00:07:34

Health: -4/42      AC:  8    Str: 22    XL:     4   Next: 24%
Magic:  3/3        EV: 14    Int:  6    God:
Gold:   43         SH:  0    Dex: 11    Spells: 3/3 levels left

rFire   . . .      SeeInvis .   s - +2 quarterstaff (chaos)
rCold   . . .      Faith    .   (shield currently unavailable)
rNeg    . . .      Spirit   .   a - +0 robe
rPois   .          Reflect  .   b - +0 hat
rElec   .          Harm     .   (no cloak)
rCorr   .          Rampage  .   (gloves unavailable)
Will    .....                   (boots unavailable)
Stlth   +.........              (no amulet)
HPRegen 0.94/turn               i - +4 ring of evasion
MPRegen 0.08/turn               e - +4 ring of protection

@: mighty
A: large, unfitting armour, claws 3, regeneration 1, shaggy fur 1, tough skin 1
a: no special abilities


You were on level 3 of the Dungeon.
You visited 1 branch of the dungeon, and saw 3 of its levels.

You collected 69 gold pieces.
You spent 26 gold pieces at shops.

Inventory:

Hand Weapons
 m - a +1 vampiric whip
 s - a +2 quarterstaff of chaos (weapon)
Missiles
 c - 3 throwing nets (quivered)
Armour
 a - a +0 robe (worn)
 b - a +0 hat (worn)
 t - a +1 cloak of stealth
Jewellery
 e - a +4 ring of protection (right claw)
 f - a ring of ice
 i - a +4 ring of evasion (left claw)
Scrolls
 h - a scroll of noise {unknown}
 k - a scroll of blinking {unknown}
 p - a scroll of poison {unknown}
 r - a scroll of vulnerability {unknown}
 u - a scroll of teleportation {unknown}
 v - a scroll of magic mapping {unknown}
Potions
 l - a potion of might
 n - 3 potions of brilliance {unknown}
 o - 2 potions of heal wounds {unknown}


   Skills:
 + Level 1.9 Fighting
 + Level 2.0 Throwing
 + Level 3.0 Dodging
 + Level 0.3 Stealth
 + Level 4.1 Unarmed Combat


You had 3 spell levels left.
You didn't know any spells.
Your spell library contained the following spells:

 Spells                   Type           Power      Damage    Failure   Level
 Hailstorm                Conj/Ice       0%         3d3       99%         4
 Ice Form                 Ice/Tmut       0%         N/A       99%         4
 Simulacrum               Ice/Necr       0%         N/A       100%        6


Dungeon Overview and Level Annotations

Branches:
Dungeon (3/15)

Altars:

Shops:
D:3 ??(

Annotations:
D:3 Sigmund


Innate Abilities, Weirdness & Mutations

You are too large for most types of armour.
You have claws for hands.
Your natural rate of healing is unusually fast.
You are covered in fur. (AC +1)
You have tough skin. (AC +1)


Message History

Sigmund casts a spell at you. The magic dart hits you!
Sigmund gestures at you while chanting. You resist with some effort.
Sigmund looks at you with fury.
Sigmund hits you from afar with a +0 scythe of flaming!
Sigmund burns you. Sigmund completely misses you.
You hit Sigmund. You freeze Sigmund.
Sigmund is severely wounded.
You closely miss Sigmund.
Sigmund is severely wounded.
Sigmund hits you with a +0 scythe of flaming!
Sigmund burns you.
* * * LOW HITPOINT WARNING * * *
You hit Sigmund. You freeze Sigmund.
Sigmund is severely wounded.
Sigmund closely misses you.
You hit Sigmund.
Sigmund suddenly seems more agile.
Sigmund is almost dead.
Sigmund misses you.
You barely miss Sigmund.
Sigmund is almost dead.
Sigmund says, "You will soon forget everything."
Sigmund hits you with a +0 scythe of flaming!
* * * LOW HITPOINT WARNING * * *
Sigmund burns you.
* * * LOW HITPOINT WARNING * * *
You feel better. Sigmund hits you but does no damage.
You feel very mighty all of a sudden.
You closely miss Sigmund.
Sigmund is almost dead.
Sigmund hits you with a +0 scythe of flaming!
* * * LOW HITPOINT WARNING * * *
Sigmund burns you.
* * * LOW HITPOINT WARNING * * *
You completely miss Sigmund.
Sigmund is almost dead.
Sigmund hits you with a +0 scythe of flaming!
You die...

.. .. #.# #. #.#
#.##.### #......#
#..#.#.#####.#
#......@.(.... #.#.#@#
#. #.....# #. #.#.###
#.###.### #.#.#
.#.#.....# #.#.#
.#.#.#.#.######
#.#.###...............
#.#....##.#.#.#.####..
#.####.##.#.....# #.#
#.# #.##.##...#####.#


You could see Sigmund (agile).

Vanquished Creatures
  Crazy Yiuf (D:2)
  A gnoll (D:1)
  A dart slug (D:2)
  6 endoplasms
  3 giant cockroaches
  2 goblins (D:1)
  3 hobgoblins
  6 jackals (D:1)
  2 quokkas
  4 ball pythons (D:1)
  3 bats
  2 frilled lizards
  2 kobolds (D:1)
  3 rats (D:2)
39 creatures vanquished.

Vanquished Creatures (others)
  2 demonic plants (D:2)
2 creatures vanquished.

Grand Total: 41 creatures vanquished

Notes
Turn   | Place    | Note
-------+----------+-------------------------------------------
     0 | D:1      | gobodom the Troll Gladiator began the quest for the Orb.
     0 | D:1      | Reached XP level 1. HP: 19/19 MP: 0/0
   186 | D:1      | Reached XP level 2. HP: 26/27 MP: 1/1
   718 | D:1      | Reached XP level 3. HP: 35/35 MP: 2/2
   944 | D:2      | Found a faded altar of an unknown god.
  1254 | D:2      | Found a runed translucent door.
  1255 | D:2      | Noticed Crazy Yiuf
  1264 | D:2      | Killed Crazy Yiuf
  1265 | D:2      | Reached skill level 4 in Unarmed Combat
  1265 | D:2      | Reached XP level 4. HP: 22/42 MP: 0/3
  1543 | D:3      | Found Ihieryok's Weapon Shoppe.
  1586 | D:3      | Found Dosuyryx's Magic Scroll Boutique.
  1590 | D:3      | Bought a scroll of identify for 26 gold pieces
  1705 | D:3      | Found Kotaekh's Magic Scroll Emporium.
  1773 | D:3      | Noticed Sigmund
  1787 | D:3      | Slain by Sigmund

Illustrated notes

Levels and vault maps discovered:
D:1:      amcnicky_arrival_feature_with_door, layout_loops_corners
D:2:      layout_rooms, shapermc_ecumenical_altar_gd, uniq_crazy_yiuf_cottage
D:3:      layout_loops_ring, mainiacjoe_overflow_big_doors, serial_shops, shop,
          nicolae_shop_behind_doors, nicolae_shop_bloodbath_and_beyond,
          uniq_sigmund

Skill      XL: |  1  2  3 |
---------------+----------+-----
Throwing       | 2 |  2.0
Dodging        | 3 |  3.0
Unarmed Combat | 4 |  4.1
Fighting       | |  1.9
Stealth        | |  0.3

Action                   |  1- 3 |  4- 6 || total
-------------------------+-------+-------++-------
Melee: Unarmed           |    88 |       ||    88
       Punch             |     1 |       ||     1
       Quarterstaff      |       |    23 ||    23
Throw: Large rock        |     6 |     1 ||     7
  Use: Scroll            |       |     3 ||     3
       Potion            |       |     2 ||     2
 Stab: Sleeping          |     2 |       ||     2
       Distracted        |       |     1 ||     1
Armor: Robe              |    34 |     3 ||    37
Dodge: Dodged            |    64 |    12 ||    76

Table legend: (Time is in decaauts)
 A = Elapsed time spent in this place.
 B = Non-inter-level travel time spent in this place.
 C = Inter-level travel time spent in this place.
 D = Time resting spent in this place.
 E = Time spent auto-exploring this place.
 F = Levels seen in this place.
 G = Mean time per level.
                   A        B        C        D        E       F      G
               +--------+--------+--------+--------+--------+-----+--------+
         Total |   1792 |   1764 |     28 |     30 |   1103 |   3 |  597.3 |
       Dungeon |   1792 |   1764 |     28 |     30 |   1103 |   3 |  597.3 |
               +--------+--------+--------+--------+--------+-----+--------+

Top non-repeatable levels by time:
     D:1: 876 daAuts
     D:2: 577 daAuts
     D:3: 338 daAuts
